AoeStats
← QUISPE CHACAL

Black Forest

506723844Analyzed
3v3 RM · 16d ago on Sep 14, 2026· 56m 17s· 6 players
Game mode
Random Map
Map size
Normal (6 player)
Population
200
Speed
Normal
Resources
Standard
Victory
Conquest
Starting age
Dark Age
Ending age
Imperial Age
RankedLock teamsTeams togetherTeam positionsShared explorationLock speedFull tech treeHidden civsTurbo modeCheats
Victory
Defeat
🇵🇪 Gurjaras · Peru
948
+14
🇵🇪 Persians · Peru
934
+15
🇵🇪 Wei · Peru
901
+15
🇱🇻 Burmese · Latvia
912
-15
🇲🇽 Saracens · Mexico
909
-39
🇪🇸 Goths · Spain
887
-14
hector280687
16:42 Feudal Age
19:21 Double-Bit Axe
19:20 Horse Collar
20:37 Wheelbarrow
19:48 Town Watch
25:34 Castle Age
24:57 Gold Mining
25:01 Stone Mining
26:21 Wheelbarrow
25:32 Town Watch
27:08 Bow Saw
27:02 Heavy Plow
28:49 Hand Cart
28:35 Town Patrol
29:40 Gold Shaft Mining
35:27 Imperial Age
32:55 Treadmill Crane
33:26 Fortified Wall
34:10 Squires
33:33 Pikeman
34:01 Gambesons
34:05 Arson
35:17 Husbandry
36:39 Elite Skirmisher
36:44 Heavy Camel Rider
37:23 Loom
37:46 Caravan
39:46 Two-Man Saw
44:30 Chemistry
43:41 Masonry
c190
0:28 Loom
12:17 Feudal Age
17:31 Castle Age
17:49 Wheelbarrow
17:34 Horse Collar
19:55 Scale Mail Armor
19:57 Padded Archer Armor
19:48 Fletching
22:17 Caravan
23:49 Forging
32:13 Imperial Age
30:00 Hand Cart
30:13 Scale Barding Armor
31:41 Ballistics
31:17 Murder Holes
33:09 Howdah
33:27 Elite Arambai
35:04 Chain Barding Armor
37:05 Elite Battle Elephant
38:46 Bloodlines
43:50 Chain Mail Armor
43:31 Bodkin Arrow
44:37 Husbandry
50:07 Plate Mail Armor
49:38 Bracer
50:13 Manipur Cavalry
Ke Wai Gon
0:42 Loom
14:07 Feudal Age
15:28 Wheelbarrow
15:24 Horse Collar
17:18 Double-Bit Axe
22:55 Castle Age
23:58 Hand Cart
23:47 Heavy Plow
24:00 Bow Saw
25:26 Gold Mining
34:30 Imperial Age
34:08 Town Watch
35:41 Anarchy
35:42 Perfusion
35:36 Fletching
35:47 Scale Mail Armor
35:57 Forging
35:51 Squires
35:17 Pikeman
37:59 Chemistry
37:20 Ballistics
36:56 Murder Holes
38:08 Two-Man Saw
37:41 Crop Rotation
38:59 Chain Mail Armor
39:20 Iron Casting
38:43 Bodkin Arrow
39:59 Town Patrol
40:16 Masonry
41:37 Architecture
40:48 Elite Huskarl
48:09 Blast Furnace
47:10 Bracer
48:12 Halberdier
50:25 Sanctity
50:18 Fervor
50:36 Illumination
50:50 Theocracy
b1t
2:05 Loom
15:52 Feudal Age
21:35 Castle Age
19:45 Double-Bit Axe
19:56 Horse Collar
20:31 Gold Mining
20:39 Stone Mining
23:00 Bow Saw
24:00 Caravan
24:55 Gold Shaft Mining
25:02 Stone Shaft Mining
32:05 Wheelbarrow
32:02 Husbandry
32:12 Bloodlines
34:49 Imperial Age
32:51 Scale Barding Armor
34:35 Hand Cart
35:07 Kshatriyas
36:09 Chain Barding Armor
36:00 Forging
35:45 Heavy Camel Rider
36:33 Heavy Plow
38:31 Plate Barding Armor
38:32 Iron Casting
39:28 Frontier Guards
40:22 Crop Rotation
41:50 Town Watch
42:10 Scale Mail Armor
45:49 Elite Chakram Thrower
48:36 Chemistry
48:02 Ballistics
49:38 Town Patrol
49:56 Chain Mail Armor
49:32 Fletching
49:42 Padded Archer Armor
50:23 Elite Shrivamsha Rider
Rychiplay
1:35 Loom
12:58 Feudal Age
17:09 Castle Age
18:33 Double-Bit Axe
19:30 Horse Collar
22:52 Bow Saw
29:09 Wheelbarrow
29:25 Heavy Plow
30:25 Gold Mining
35:10 Imperial Age
33:13 Kamandaran
34:28 Caravan
34:37 Heated Shot
35:14 Ballistics
35:07 Masonry
36:04 Gold Shaft Mining
35:20 Stone Mining
35:53 Thumb Ring
35:08 Crossbowman
35:45 Fletching
35:56 Padded Archer Armor
36:02 Scale Barding Armor
36:08 Forging
35:58 Scale Mail Armor
36:46 Conscription
36:39 Citadels
37:38 Bodkin Arrow
37:58 Leather Archer Armor
38:23 Hand Cart
39:17 Chemistry
39:22 Chain Barding Armor
39:37 Iron Casting
39:03 Light Cavalry
39:03 Cavalier
39:58 Bloodlines
39:48 Husbandry
40:41 Chain Mail Armor
40:50 Elite War Elephant
42:45 Plate Barding Armor
44:46 Blast Furnace
47:53 Plate Mail Armor
47:53 Ring Archer Armor
49:13 Hoardings
48:09 Sappers
49:36 Hussar
57:22 Stone Shaft Mining
QUISPE CHACAL
1:44 Loom
14:59 Feudal Age
17:32 Double-Bit Axe
17:29 Horse Collar
20:45 Castle Age
21:00 Stone Mining
21:03 Gold Mining
21:46 Bow Saw
22:01 Heavy Plow
26:38 Wheelbarrow
29:41 Stone Shaft Mining
31:48 Gold Shaft Mining
35:08 Imperial Age
33:20 Hand Cart
33:22 Town Watch
36:26 Fortified Wall
37:16 Chemistry
40:22 Scale Barding Armor
40:27 Forging
40:13 Heavy Scorpion
43:06 Elite Tiger Cavalry
44:49 Iron Casting
47:21 Ming Guang Armor
47:20 Chain Barding Armor
48:00 Blast Furnace
49:22 Conscription
50:05 Blast Furnace
49:56 Masonry
51:26 Town Patrol
Connection lost

Rejoining the realm…

Still unreachable

The connection could not be restored.

Session expired

The server has moved on; the page needs a fresh start.